 Dungeon Crawl Stone Soup version 0.27-a0-1321-gd358eaa (webtiles) character file.

Game seed: 4808661812328381555

3054 HDogLeCool the Grappler (level 9, -2/89 HPs)
             Began as a Troll Berserker on June 22, 2021.
             Was an Elder of Trog.
             Slain by an unseen horror (7 damage)
             ... on level 7 of the Dungeon.
             The game lasted 00:11:54 (4482 turns).

HDogLeCool the Grappler (Troll Berserker)           Turns: 4482, Time: 00:11:54

Health: -2/89      AC:  8    Str: 28    XL:     9   Next: 57%
Magic:  8/8        EV: 11    Int:  4    God:    Trog [****..]
Gold:   390        SH:  0    Dex: 10    Spells: 8/8 levels left

rFire    + . .     SeeInvis .     - Unarmed
rCold    . . .     Faith    .   (no shield)
rNeg     + . .     Spirit   .   a - +1 animal skin
rPois    .         Reflect  .   (helmet restricted)
rElec    .         Harm     .   j - +2 cloak
rCorr    .         Rampage  .   (gloves unavailable)
Will     ++...                  (boots unavailable)
Stlth    +.........             (no amulet)
HPRegen  2.24/turn              k - ring of protection from fire
MPRegen  0.11/turn              s - ring of positive energy

@: strong-willed, on berserk cooldown, regenerating, studying Invocations
A: large, unfitting armour, claws 3, regeneration 1, shaggy fur 1, tough skin 1
a: Renounce Religion, Berserk, Trog's Hand, Brothers in Arms


You were on level 7 of the Dungeon.
You worshipped Trog.
Trog was greatly pleased with you.
You visited 1 branch of the dungeon, and saw 7 of its levels.

You collected 440 gold pieces.
You spent 50 gold pieces at shops.

Inventory:

Missiles
 d - 4 atropa-tipped darts
Armour
 a - a +1 animal skin (worn)
 j - a +2 cloak (worn)
Jewellery
 k - a ring of protection from fire (left claw)
 p - a ring of fire
 s - a ring of positive energy (right claw)
 v - an amulet of faith
Wands
 o - a wand of charming (10)
 A - a wand of flame (19)
Scrolls
 b - 2 scrolls of teleportation
 c - 2 scrolls of magic mapping {unknown}
 g - a scroll of immolation
 i - 2 scrolls of fear
 q - a scroll of brand weapon {unknown}
 y - a scroll of holy word {unknown}
 z - a scroll of enchant armour
Potions
 e - a potion of magic
 f - 3 potions of curing
 h - a potion of mutation
 m - a potion of ambrosia
 n - 4 potions of resistance
 r - 2 potions of invisibility
 u - a potion of brilliance
 w - a potion of lignification {unknown}
 x - a potion of berserk rage


   Skills:
 + Level 6.0 Fighting
 + Level 6.0 Dodging
 * Level 10.1 Unarmed Combat


You had 8 spell levels left.
You didn't know any spells.
Your spell library was empty.

Dungeon Overview and Level Annotations

Branches:
Dungeon (7/15)             Temple (0/1) D:7

Altars:
Ashenzari
Fedhas
Vehumet
The Shining One

Shops:
D:3 :!(


Innate Abilities, Weirdness & Mutations

You are too large for most types of armour.
You have claws for hands.
Your natural rate of healing is unusually fast.
You are covered in fur. (AC +1)
You have tough skin. (AC +1)


Message History

The orc priest looks satisfied for a moment.
The orc priest invokes the aid of Beogh against you.
Beogh smites you!
* * * LOW HITPOINT WARNING * * *
You feel much better. Something hits you.
* * * LOW HITPOINT WARNING * * *
The orc priest hits you with a +4 flail!
* * * LOW HITPOINT WARNING * * *
The orc hits you but does no damage.
The orc priest hits you with a +4 flail.
* * * LOW HITPOINT WARNING * * *
You feel much better. Something hits you. The orc completely misses you.
The orc priest closely misses you.
Your skin crawls.
You feel strong-willed. Something hits you but does no damage.
The orc priest begins to cast a cantrip, but forgets the words!
You claw the orc!
You kill the orc!
Trog accepts your kill. Something hits you but does no damage.
The orc priest hits you with a +4 flail!
The orc barely misses you. Something hits you. Something hits you!
* * * LOW HITPOINT WARNING * * *
Something hits you but does no damage. Something hits you.
* * * LOW HITPOINT WARNING * * *
You claw something! Something hits you.
* * * LOW HITPOINT WARNING * * *
Something hits you.
* * * LOW HITPOINT WARNING * * *
The orc priest invokes the aid of Beogh against you.
Beogh smites you!
* * * LOW HITPOINT WARNING * * *
You scratch something.
You feel yourself speed up. Something hits you but does no damage.
Something hits you.
* * * LOW HITPOINT WARNING * * *
Something hits you!
You die...

#............##. .# #........
##.......##### #...........
#.###.......# ....... ...
#.###.......# #####....###...
#..>'........ ......⌠8.......
###.#.......# ###.......#....
#)###.##### #...>.⌠8.##...
####)###.##########o.......##.###
...)))..........@{oo....⌠8.......
......##.###....###o..#....##†...
......##:# #.)..# #...#....##....
......##.# #....# #...#....###...
......##.# #....# #...#....# #...
......##.###....# #...###### #...
......##.#......###...# ##..
.........#.##....##...# ####.
......##.#.......# #....


You could see 2 orc priests and 2 orcs.

Vanquished Creatures
  Pikel (D:4)
  A centaur zombie (D:6)
  A meliai zombie (D:5)
  2 water moccasins
  An orc warrior (D:6)
  A hornet zombie (D:5)
  An ice beast (D:6)
  A black bear (D:7)
  A necrophage (D:5)
  2 ogres
  A phantom (D:4)
  A kobold brigand (D:7)
  A bullfrog (D:4)
  A scorpion (D:6)
  A water moccasin zombie (D:5)
  3 wights (D:7)
  A jelly (D:6)
  2 gnoll shamans
  4 orc priests
  2 hounds
  2 bullfrog skeletons
  A centaur skeleton (D:7)
  4 iguanas
  3 orc wizards
  A hound skeleton (D:4)
  A howler monkey zombie (D:7)
  10 gnolls
  2 adders
  A shadow imp (D:6)
  A white imp (D:7)
  2 adder skeletons
  A worm (D:2)
  6 dart slugs
  20 orcs
  7 ball pythons
  6 endoplasms
  6 giant cockroaches
  7 hobgoblins
  5 jackals
  3 quokkas
  4 bats
  2 frilled lizards
  9 goblins
  10 kobolds
  A rat (D:1)
144 creatures vanquished.

Notes
Turn   | Place    | Note
-------+----------+-------------------------------------------
     0 | D:1      | HDogLeCool the Troll Berserker began the quest for the Orb.
     0 | D:1      | Reached XP level 1. HP: 22/22 MP: 0/0
   443 | D:1      | Reached XP level 2. HP: 29/29 MP: 1/1
   863 | D:2      | Reached XP level 3. HP: 36/36 MP: 2/2
  1010 | D:2      | Reached skill level 4 in Unarmed Combat
  1155 | D:2      | Reached ** piety under Trog
  1223 | D:2      | Found a broken altar of Ashenzari.
  1237 | D:2      | Reached XP level 4. HP: 32/44 MP: 3/3
  1341 | D:3      | Found Ponoxiq's Antique Weapon Boutique.
  1653 | D:3      | Found Fiurih's Distillery.
  1656 | D:3      | Bought a potion of heal wounds for 50 gold pieces
  1698 | D:3      | Found a faded altar of an unknown god.
  1705 | D:3      | Found Woedus's Book Boutique.
  1755 | D:3      | Reached XP level 5. HP: 53/53 MP: 4/4
  1918 | D:4      | Noticed an ogre
  1931 | D:4      | Reached skill level 5 in Unarmed Combat
  1933 | D:4      | Killed an ogre
  1934 | D:4      | Reached XP level 6. HP: 61/61 MP: 5/5
  1971 | D:4      | Noticed Pikel
  1996 | D:4      | Killed Pikel
  1997 | D:4      | Reached skill level 6 in Unarmed Combat
  1997 | D:4      | Reached XP level 7. HP: 57/70 MP: 6/6
  2167 | D:4      | Reached skill level 7 in Unarmed Combat
  2468 | D:4      | Found a glowing golden altar of the Shining One.
  2587 | D:5      | Entered Level 5 of the Dungeon
  2595 | D:5      | Reached *** piety under Trog
  2675 | D:5      | Reached XP level 8. HP: 75/79 MP: 7/7
  2971 | D:5      | Reached skill level 8 in Unarmed Combat
  3088 | D:5      | Found a blossoming altar of Fedhas.
  3151 | D:5      | Reached skill level 5 in Dodging
  3213 | D:5      | Reached skill level 5 in Fighting
  3619 | D:6      | Reached skill level 9 in Unarmed Combat
  3619 | D:6      | Reached XP level 9. HP: 88/88 MP: 8/8
  3781 | D:6      | Reached **** piety under Trog
  4288 | D:7      | Found a radiant altar of Vehumet.
  4383 | D:7      | Reached skill level 10 in Unarmed Combat
  4463 | D:7      | Found a staircase to the Ecumenical Temple.
  4482 | D:7      | Slain by an unseen horror

Illustrated notes

Levels and vault maps discovered:
D:1:      dpeg_arrival_houses_and_road, layout_loops_corners
D:2:      cheibrodos_pilgrimage, layout_basic, basic_altar,
          serial_park_tiny_pond, serial_bayou_pond_a
D:3:      kennysheep_the_goblin_king, layout_rooms, basic_ecumenical_altar,
          serial_shops, shop, shop, nicolae_shop_behind_doors,
          chequers_serial_rivers_micro_b
D:4:      layout_basic, tso_altar, uniq_pikel
D:5:      layout_loops_ring, amcnicky_altar_gilded
D:6:      layout_cave_pools, minmay_manual_monstrance
D:7:      layout_basic, vehumet_crystals, minmay_temple_entry_drinking_statues,
          serial_bayou_pond_b

Skill      XL: |  1  2  3  4  5  6  7  8  9 |
---------------+----------------------------+-----
Unarmed Combat | 4 5 6 7 9 10 | 10.1
Dodging        | 3 4 5 6 |  6.0
Fighting       | 3 4 5 6 |  6.0

Action                   |  1- 3 |  4- 6 |  7- 9 || total
-------------------------+-------+-------+-------++-------
Melee: Unarmed           |    90 |    68 |   201 ||   359
       Punch             |       |     1 |     8 ||     9
Invok: Berserk           |       |     3 |    11 ||    14
       Trog's Hand       |       |       |     1 ||     1
  Use: Scroll            |       |     4 |     9 ||    13
       Potion            |       |       |     2 ||     2
 Stab: Sleeping          |     1 |       |       ||     1
Armor: Animal skin       |    23 |    22 |   119 ||   164
Dodge: Dodged            |    35 |    27 |    65 ||   127

Table legend: (Time is in decaauts)
 A = Elapsed time spent in this place.
 B = Non-inter-level travel time spent in this place.
 C = Inter-level travel time spent in this place.
 D = Time resting spent in this place.
 E = Time spent auto-exploring this place.
 F = Levels seen in this place.
 G = Mean time per level.
                   A        B        C        D        E       F      G
               +--------+--------+--------+--------+--------+-----+--------+
         Total |   4563 |   4332 |    231 |    506 |   2916 |   7 |  651.9 |
       Dungeon |   4563 |   4332 |    231 |    506 |   2916 |   7 |  651.9 |
               +--------+--------+--------+--------+--------+-----+--------+

Top non-repeatable levels by time:
     D:5: 903 daAuts
     D:1: 837 daAuts
     D:4: 738 daAuts
     D:6: 582 daAuts
     D:3: 528 daAuts
     D:2: 497 daAuts
     D:7: 475 daAuts
